 Dungeon Crawl Stone Soup version 0.31.0-11-ge490571c62 (webtiles) character file.

Game seed: 12850949410404837992

6441 jasper the Basher (level 10, -4/78 HPs)
             Began as an Armataur Fighter on Feb 5, 2024.
             Was a Priest of Trog.
             Slain by a manticore (17 damage)
             ... on level 8 of the Dungeon.
             The game lasted 00:11:14 (7348 turns).

jasper the Basher (Armataur Fighter)                Turns: 7348, Time: 00:11:14

Health: -4/78      AC: 18    Str: 26    XL:     10   Next: 67%
Magic:  10/10      EV:  3    Int:  9    God:    Trog [***...]
Gold:   371        SH: 14    Dex:  9    Spells: 9/9 levels left

rFire   + . .        a - +1 flail (elec)
rCold   . . .        E - +2 tower shield
rNeg    . . .        b - +0 plate armour
rPois   .            o - +0 helmet
rElec   .            k - +0 cloak
rCorr   .            G - +0 pair of gloves
SInv    .            (no barding)
Will    ++...        m - amulet of faith Stlth
                     i - +4 ring of protection
HPRegen 1.33/turn    v - ring of protection from fire
MPRegen 0.12/turn

%: roll, faith
@: mighty, strong-willed, on berserk cooldown, regenerating, hasted and slowed,
studying Armour, invisible
A: large, deformed body, tough skin 3, armoured tail, roll 2
a: Renounce Religion, Berserk, Trog's Hand


You were on level 8 of the Dungeon.
You worshipped Trog.
Trog was most pleased with you.
You visited 1 branch of the dungeon, and saw 8 of its levels.
You also visited: Sewer and Bailey.

You collected 371 gold pieces.

Inventory:

Hand Weapons
 a - a +1 flail of electrocution (weapon)
 y - a +0 morningstar
Missiles
 g - 101 stones (quivered)
 C - 44 poisoned darts
 F - 2 curare-tipped darts
Armour
 b - a +0 plate armour (worn)
 k - a +0 cloak (worn)
 n - a +0 chain mail
 o - a +0 helmet (worn)
 E - a +2 tower shield (worn)
 G - a +0 pair of gloves (worn)
Jewellery
 h - an amulet of magic regeneration
 i - a +4 ring of protection (left hand)
 m - an amulet of faith (around neck)
 t - a ring of ice
 v - a ring of protection from fire (right hand)
 B - a ring of flight
 J - a ring of magical power
 K - a ring of positive energy
Scrolls
 e - 2 scrolls of enchant armour
 q - 3 scrolls of brand weapon
 w - 4 scrolls of teleportation
 A - a scroll of enchant weapon
 H - a scroll of vulnerability
Potions
 f - a potion of enlightenment
 j - 2 potions of haste
 l - 3 potions of mutation
 p - a potion of invisibility
 r - 2 potions of lignification
 s - 4 potions of magic {unknown}
 x - 2 potions of curing {unknown}
 z - a potion of brilliance {unknown}
 D - 6 potions of heal wounds {unknown}
 L - a potion of attraction {unknown}


   Skills:
 + Level 4.0 Fighting
 - Level 14.0 Maces & Flails
 + Level 6.6 Armour
 + Level 4.8 Shields


You had 9 spell levels left.
You didn't know any spells.
Your spell library contained the following spells:

 Spells                   Type           Power      Damage    Failure   Level
 Magic Dart               Conj           0%         1d3       100%        1
 Blink                    Tloc           0%         N/A       100%        2
 Call Imp                 Summ           0%         N/A       100%        2
 Searing Ray              Conj           0%         2d4       100%        2
 Dazzling Flash           Conj/Hex       0%         N/A       100%        3
 Volatile Blastmotes      Fire/Tloc      0%         2d10      100%        3
 Fulminant Prism          Conj/Alch      0%         3d5       100%        4
 Starburst                Conj/Fire      0%         6d3       100%        6
 Maxwell's Capacitive Co  Air            0%         ∞         100%        8


Dungeon Overview and Level Annotations

Branches:
Dungeon (8/15)             Temple (0/1) D:6           Sewer (visited)
 Bailey (visited)
   Lair: D:8-11

Altars:
Makhleb
Trog
Uskayaw
Yredelemnul
Zin

Shops:
D:2 :


Innate Abilities, Weirdness & Mutations

Armour fits poorly on your strangely shaped body.
You have extremely tough skin. (AC +3)
You have a long armoured tail.
You regenerate magic and health when rolling toward enemies. (Rampage Regen)


Message History

The manticore is moderately wounded.
The manticore bites you.
* * * LOW HITPOINT WARNING * * *
The manticore claws you but does no damage.
You block the manticore's attack.
You fade into invisibility!
The manticore bites you but does no damage.
The manticore claws you but does no damage.
You block the manticore's attack. x4
You feel very mighty all of a sudden.
Your attacks no longer feel as feeble.
The manticore bites you but does no damage.
The manticore claws you but does no damage.
You block the manticore's attack.
You feel yourself speed up. The manticore barely misses you.
You block the manticore's attack. x4; The manticore claws you!
* * * LOW HITPOINT WARNING * * *
Unknown command.
You barely miss the manticore.
The manticore is lightly wounded.
You barely miss the manticore.
The manticore is lightly wounded.
The manticore bites you but does no damage.
The manticore claws you.
* * * LOW HITPOINT WARNING * * *
The manticore claws you but does no damage.
Unknown command.
You barely miss the manticore.
The manticore is lightly wounded.
You block the manticore's attack. The manticore claws you!
* * * LOW HITPOINT WARNING * * *
The manticore claws you but does no damage.
Unknown command.
You hit the manticore. You tail-slap the manticore!
The manticore is heavily wounded.
You block the manticore's attack. The manticore barely misses you.
The manticore claws you but does no damage.
You barely miss the manticore. You tail-slap the manticore!
The manticore is severely wounded.
The manticore bites you!
You die...

.####.H.......,,,,,,,,,,,* #.# .#
##.####H##,****,,*,*** #.# .# #O#
#.#*,* *,,*,* #.# ######.# #.#*,*
*,,*,* #.# .......# #.#*** *,,***
#.# ######g# #.# *,,# #.# #.# #.#
*,.# #.#
######.####.#######..#######.####
.........†...g.H@................
######.#############.############
#.# *,* ### ***


You could see a manticore (unable to see you) and a gnoll bouda (unable to see
you).

Vanquished Creatures
  A two-headed ogre (D:8)
  2 kobold demonologists (D:7)
  An unseen horror (D:8)
  A troll (D:8)
  2 hornets
  A wyvern (D:8)
  A steam dragon (D:8)
  3 water moccasins
  11 orc warriors (Bailey)
  2 ice beasts
  2 black bears (D:6)
  An ogre (D:7)
  7 kobold brigands
  4 bullfrogs
  13 wights
  A howler monkey (D:6)
  A bombardier beetle (D:3)
  3 hounds (D:6)
  4 jellies
  2 orc priests
  A sleepcap (D:5)
  A gnoll bouda (D:8)
  6 iguanas
  2 orc wizards
  10 gnolls
  9 adders
  A river rat (Sewer)
  3 shadow imps
  2 white imps
  A dart slug (D:1)
  4 ribbon worms
  18 orcs
  13 ball pythons
  4 endoplasms
  4 giant cockroaches
  7 goblins
  6 hobgoblins
  3 jackals (D:3)
  25 kobolds
  3 quokkas
  5 bats
  7 frilled lizards
  28 rats
226 creatures vanquished.

Vanquished Creatures (others)
  A kobold (D:8)
1 creature vanquished.

Grand Total: 227 creatures vanquished

Notes
Turn   | Place    | Note
-------+----------+-------------------------------------------
     0 | D:1      | jasper the Armataur Fighter began the quest for the Orb.
     0 | D:1      | Reached XP level 1. HP: 18/18 MP: 1/1
   113 | D:1      | Reached skill level 2 in Maces & Flails
   258 | D:1      | Reached XP level 2. HP: 25/25 MP: 2/2
  1016 | D:2      | Reached skill level 3 in Maces & Flails
  1029 | D:2      | Identified the +6 quarterstaff of Venue {spect, rElec Str+7
                  | Int-5 Dex-3}
  1109 | D:2      | Reached XP level 3. HP: 30/30 MP: 3/3
  1407 | D:2      | Reached skill level 4 in Maces & Flails
  1407 | D:2      | Reached XP level 4. HP: 37/37 MP: 4/4
  1459 | D:2      | Found Hudouhoh's Book Emporium.
  1935 | D:3      | Reached XP level 5. HP: 18/42 MP: 5/5
  1948 | D:3      | Reached skill level 5 in Maces & Flails
  2369 | D:4      | Reached XP level 6. HP: 35/50 MP: 6/6
  2452 | D:4      | Reached skill level 6 in Maces & Flails
  2852 | D:5      | Entered Level 5 of the Dungeon
  2871 | D:5      | Identified the +0 mace of Loosamat {freeze, rElec Will+++
                  | Str-2 Int+2}
  3079 | D:5      | Noticed a water moccasin
  3097 | D:5      | Killed a water moccasin
  3098 | D:5      | Reached skill level 7 in Maces & Flails
  3098 | D:5      | Gained mutation: You regenerate magic and health when
                  | rolling toward enemies. (Rampage Regen) [Armataur growth]
  3098 | D:5      | Reached XP level 7. HP: 19/56 MP: 7/7
  3309 | D:5      | Found a basalt altar of Yredelemnul.
  3330 | D:5      | Found a hide-covered altar of Uskayaw.
  3394 | D:5      | Identified the +2 robe of Vexation {Int+4}
  3510 | D:5      | Found a burning altar of Makhleb.
  3512 | D:5      | Found a bloodstained altar of Trog.
  3654 | D:5      | Became a worshipper of Trog the Wrathful
  3858 | D:6      | Found a glowing drain.
  3869 | Sewer    | Entered a sewer
  4000 | Sewer    | Reached skill level 8 in Maces & Flails
  4061 | Sewer    | Reached * piety under Trog
  4458 | D:6      | Reached ** piety under Trog
  4461 | D:6      | Reached XP level 8. HP: 55/62 MP: 8/8
  4487 | D:6      | Found a staircase to the Ecumenical Temple.
  4575 | D:6      | Identified a scroll of acquirement
  4575 | D:6      | Acquired a manual of Armour
  4590 | D:6      | Reached skill level 9 in Maces & Flails
  4913 | D:7      | Noticed a hornet
  4922 | D:7      | Killed a hornet
  5059 | D:7      | Reached skill level 10 in Maces & Flails
  5313 | D:7      | Reached XP level 9. HP: 68/68 MP: 9/9
  5355 | D:7      | Reached skill level 11 in Maces & Flails
  5988 | D:7      | Found the +7 Throatcutter {drain, coup de grace}
  5988 | D:7      | Noticed a kobold demonologist
  5988 | D:7      | Noticed a kobold demonologist
  5992 | D:7      | Noticed an orange demon
  6020 | D:7      | Killed a kobold demonologist
  6021 | D:7      | Reached skill level 12 in Maces & Flails
  6021 | D:7      | Noticed a red devil
  6031 | D:7      | Killed a kobold demonologist
  6248 | D:8      | Noticed a troll
  6255 | D:8      | Killed a troll
  6498 | D:8      | Reached skill level 13 in Maces & Flails
  6592 | D:8      | Reached XP level 10. HP: 41/71 MP: 10/10
  6744 | D:8      | Paralysed by a hornet for 1 turns
  6799 | D:8      | Found a flagged portal.
  6812 | D:8      | Reached *** piety under Trog
  6816 | Bailey   | Entered a bailey
  6957 | Bailey   | Reached skill level 14 in Maces & Flails
  7043 | Bailey   | Noticed an orc knight
  7043 | Bailey   | Noticed an orc knight
  7043 | Bailey   | Noticed an orc knight
  7221 | D:8      | Found a glowing silver altar of Zin.
  7290 | D:8      | Noticed a two-headed ogre
  7290 | D:8      | Noticed a manticore
  7330 | D:8      | Reached skill level 5 in Armour
  7332 | D:8      | Killed a two-headed ogre
  7348 | D:8      | Slain by a manticore

Illustrated notes

Levels and vault maps discovered:
D:1:      dpeg_arrival_round_a, layout_basic
D:2:      layout_basic, serial_shops, shop
D:3:      layout_rooms, minmay_misc_feat_four_crosses
D:4:      layout_rooms
D:5:      layout_loops_ring, grunt_temple_overflow_open,
          nicolae_overflow_squiral
D:6:      layout_rooms, minmay_temple_entry_glassed_door,
          mainiacjoe_sewer_entry_somewhere_in_here_2
D:7:      layout_basic, dilly_guarded_unrand_throatcut
D:8:      cheibrodos_fzero, layout_basic, lemuel_tele_altar, enter_bailey_7

Skill      XL: |  1  2  3  4  5  6  7  8  9 10 |
---------------+-------------------------------+-----
Maces & Flails | 2 3 4 5 7 8 10 13 14 | 14.0
Armour         | 6 |  6.6
Fighting       | 4 |  4.0
Shields        | 4 |  4.8

Action                     |  1- 3 |  4- 6 |  7- 9 | 10-12 || total
---------------------------+-------+-------+-------+-------++-------
  Melee: Flail             |    92 |   132 |   381 |   127 ||   732
         Tailslap          |    11 |    11 |    34 |     8 ||    64
  Throw: Stone             |       |     1 |       |       ||     1
 Invoke: Berserk           |       |       |     2 |     1 ||     3
         Trog's Hand       |       |       |       |     2 ||     2
    Use: Scroll            |     4 |    10 |     5 |     2 ||    21
         Potion            |       |     4 |     2 |     3 ||     9
 Armour: Scale mail        |     9 |       |       |       ||     9
         Chain mail        |    51 |   104 |   305 |    33 ||   493
         Plate armour      |       |       |       |    70 ||    70
  Dodge: Dodged            |    20 |    33 |    74 |    13 ||   140
  Block: Buckler           |    22 |    27 |    53 |       ||   102
         Tower shield      |       |       |   168 |   111 ||   279
